 Dungeon Crawl Stone Soup version 0.20.1-1-g8b1a95d (console) character file.

144 bli the Chiller (level 5, -2/35 HPs)
             Began as a Merfolk Ice Elementalist on July 22, 2017.
             Was an Initiate of Ru.
             Slain by a worm (4 damage)
             ... on level 4 of the Dungeon.
             The game lasted 00:13:07 (3081 turns).

bli the Chiller (Merfolk Ice Elementalist)          Turns: 3081, Time: 00:13:08

Health: -2/35      AC:  3    Str:  9    XL:     5   Next: 26%
Magic:  5/10       EV: 13    Int: 14    God:    Ru [......]
Gold:   140        SH:  4    Dex: 17    Spells: 7/11 levels left

rFire    . . .     SeeInvis .   C - +0 long sword
rCold    . . .     Gourm    .   (no shield)
rNeg     . . .     Faith    .   a - +0 robe
rPois    .         Spirit   .   (no helmet)
rElec    .         Reflect  +   q - +0 cloak (curse)
rCorr    .         Harm     .   (no gloves)
MR       .....                  (no boots)
Stlth    ++........             y - +4 amulet of reflection
Regen    0.2/turn               D - +2 ring of dexterity
MPRegen  0.2/turn               m - ring of flight

@: no status effects
A: change form in water, swift swim, stealthy swim
a: Renounce Religion, Evoke Flight


You were on level 4 of the Dungeon.
You worshipped Ru.
Ru was noncommittal.
You were hungry.

You visited 1 branch of the dungeon, and saw 4 of its levels.

You collected 140 gold pieces.

Inventory:

Hand Weapons
 C - a +0 long sword (weapon)
Missiles
 g - 121 stones (quivered)
Armour
 a - a +0 robe (worn)
 q - a cursed +0 cloak (worn)
 r - a +0 cloak
 s - a scarf of repulsion
 x - a cursed +0 shield
Jewellery
 m - a ring of flight (right hand)
 y - a +4 amulet of reflection (around neck)
 D - a +2 ring of dexterity (left hand)
Scrolls
 e - 2 scrolls of immolation {unknown}
 f - 3 scrolls of remove curse {unknown}
 h - a scroll of enchant armour {unknown}
 n - a scroll of blinking {unknown}
 u - a scroll of teleportation {unknown}
 v - a scroll of fear {unknown}
 w - 3 scrolls of identify {unknown}
 A - a scroll of noise {unknown}
 B - a scroll of recharging {unknown}
Potions
 j - a potion of heal wounds {unknown}
 k - 2 potions of curing {unknown}
 l - a potion of lignification {unknown}
 o - 2 potions of haste {unknown}
 t - a potion of mutation {unknown}
 z - a potion of flight {unknown}
Books
 b - a book of Frost

   Spells                             Type                      Level
   a - Freeze                         Ice                          1
   b - Throw Frost                    Conjuration/Ice              2
   c - Ozocubu's Armour               Charms/Ice                   3
   d - Throw Icicle                   Conjuration/Ice              4
   e - Summon Ice Beast               Ice/Summoning                4
Comestibles
 c - 3 bread rations
 d - 3 meat rations
 i - 4 fruits
 p - 3 royal jellies


   Skills:
 + Level 3.1 Dodging
 + Level 3.2 Stealth
 + Level 3.8 Spellcasting
   Level 0.7 Conjurations
 + Level 4.1 Ice Magic


You had 7 spell levels left.
You knew the following spells:

 Your Spells              Type           Power        Failure   Level  Hunger
a - Freeze                Ice            ##..         3%          1    None
o - Ozocubu's Armour      Chrm/Ice       #.......     26%         3    ###....


Dungeon Overview and Level Annotations

Branches:
Dungeon (4/15)
 Temple: D:4-7

Altars:
Ru
Sif Muna
Vehumet

Annotations:
D:3 codl's ghost, amateur DsAK


Message History

Aim: a worm You freeze the worm.
The worm is moderately wounded.
Casting: Freeze
Confirm with . or Enter, or press ? or * to list all spells.
Aiming: Freeze
Press: ? - help, Shift-Dir - straight line, f/p - worm
Aim: a worm (moderately wounded)
You freeze the worm.
The worm is severely wounded.
Found an escape hatch in the floor.
Casting: Freeze
Confirm with . or Enter, or press ? or * to list all spells.
Aiming: Freeze
Press: ? - help, Shift-Dir - straight line, f/p - worm
Aim: a worm (heavily wounded)
You freeze the worm.
The worm is almost dead.
The worm bites you.
You die...

#.......#
#.......#
#.......###
##........#
##...###.#
##.#....##
.........#
........#.#
.....%....#.#
..........#w#
.....w<####@#
.... #.# ...
#.. .. ##..
... ##.. ..>
...


You could see a worm.

Vanquished Creatures
  An iguana (D:4)
  3 adders
  An adder skeleton (D:4)
  3 worms (D:2)
  4 leopard geckos
  An orc (D:3)
  A ball python (D:3)
  6 giant cockroaches
  12 goblins
  2 hobgoblins
  6 jackals
  3 quokkas
  8 bats
  12 frilled lizards (D:1)
  5 kobolds
  6 rats
74 creatures vanquished.

Vanquished Creatures (others)
  A plant (D:1)
1 creature vanquished.

Grand Total: 75 creatures vanquished

Notes
Turn   | Place    | Note
-------+----------+-------------------------------------------
     0 | D:1      | bli the Merfolk Ice Elementalist began the quest for the Orb.
     0 | D:1      | Reached XP level 1. HP: 13/13 MP: 3/3
   413 | D:1      | Reached XP level 2. HP: 19/19 MP: 5/5
   850 | D:1      | Reached XP level 3. HP: 22/24 MP: 3/6
  1094 | D:2      | Learned a level 3 spell: Ozocubu's Armour
  1536 | D:2      | Reached XP level 4. HP: 29/30 MP: 6/8
  2429 | D:3      | Noticed codl's ghost (amateur DsAK)
  2618 | D:3      | Reached skill level 4 in Ice Magic
  2886 | D:3      | Found a deep blue altar of Sif Muna.
  2893 | D:3      | Found a sacrificial altar of Ru.
  2894 | D:3      | Found a radiant altar of Vehumet.
  2911 | D:3      | Became a worshipper of Ru the Awakened
  3063 | D:4      | Reached XP level 5. HP: 35/35 MP: 10/10
  3081 | D:4      | Slain by a worm

Skill      XL: |  1  2  3  4 |
---------------+-------------+-----
Spellcasting   | 3 |  3.8
Stealth        | 3 |  3.2
Ice Magic      | 4 |  4.1
Dodging        | 3 |  3.1
Conjurations   | |  0.7

Action                   |  1- 3 |  4- 6 || total
-------------------------+-------+-------++-------
Melee: Unarmed           |   107 |    71 ||   178
       Long sword        |       |    17 ||    17
Throw: Stone             |    15 |     1 ||    16
 Cast: Freeze            |    56 |    52 ||   108
 Stab: Sleeping          |     1 |     6 ||     7
       Distracted        |       |     1 ||     1
  Eat: Chunk             |     3 |     4 ||     7
Armor: Robe              |    29 |    24 ||    53
Dodge: Dodged            |    96 |    91 ||   187
Block: Other             |       |    12 ||    12
       Rpst.: Long sword |       |     5 ||     5
